 Dungeon Sprint DCSS version 0.29.1-12-g30fa7ad0bf (webtiles) character file.

Game seed: 10625238790008384466

1577 Groucho the Nimble (level 8, -5/36 HPs)
             Began as a Spriggan Earth Elementalist on Jan 5, 2023.
             Was a High Priest of Vehumet.
             Slain by a dream sheep (21 damage)
             ... in the Dungeon (Sprint VII: "The Pits").
             The game lasted 00:05:57 (2494 turns).

Groucho the Nimble (Spriggan Earth Elementalist)    Turns: 2494, Time: 00:05:58

Health: -5/36      AC:  2    Str:  4    XL:     8   Next: 60%
Magic:  19/22      EV:  4    Int: 18    God:    Vehumet [*****.]
Gold:   0          SH:  0    Dex: 16    Spells: 20/26 levels left

rFire   . . .      SeeInvis +   h - +2 dagger (protect)
rCold   . . .      Faith    .   (no shield)
rNeg    . . .      Spirit   .   m - +0 robe
rPois   .          Reflect  .   (helmet restricted)
rElec   .          Harm     .   (no cloak)
rCorr   .          Rampage  .   (gloves unavailable)
Will    +....      NoTele   +   (boots unavailable)
Stlth   ++........              (no amulet)
HPRegen 0.12/turn               (no ring)
MPRegen 0.18/turn               (no ring)

@: sleeping, very quick
A: very small, no large weapons, unfitting armour, see invisible, speed 3
a: Renounce Religion


You were in the Dungeon.
You worshipped Vehumet.
Vehumet was extremely pleased with you.
You visited 1 branch

Inventory:

Hand Weapons
 h - a +2 dagger of protection (weapon)
Missiles
 l - 10 stones
Armour
 m - a +0 robe (worn)
Scrolls
 g - a scroll of blinking
 j - 5 scrolls of amnesia
 k - a scroll of summoning
Potions
 b - 4 potions of magic
 c - 5 potions of curing
 d - 6 potions of heal wounds
 e - a potion of haste
 f - 3 potions of berserk rage
 i - 2 potions of invisibility


   Skills:
 + Level 10.3 Dodging
 - Level 3.0 Stealth
 + Level 9.5 Spellcasting
 * Level 8.3 Conjurations
 - Level 7.0 Transmutations
 * Level 10.3 Earth Magic


You had 20 spell levels left.
You knew the following spells:

 Your Spells              Type           Power      Damage    Failure   Level
a - Sandblast             Erth           90%        2d19      1%          1
b - Stone Arrow           Conj/Erth      84%        3d12      1%          3
c - Searing Ray           Conj           76%        2d7       1%          2

Your spell library contained the following spells:

 Spells                   Type           Power      Damage    Failure   Level
 Lee's Rapid Deconstruct  Erth           22%        3d14*     1%          5
 Passwall                 Tmut/Erth      32%        N/A       1%          2
 Petrify                  Tmut/Erth      39%        N/A       2%          4


Dungeon Overview and Level Annotations

Branches:
Dungeon (1/1)

Altars:
Ashenzari
Cheibriados
Dithmenos
Elyvilon
Fedhas
Gozag
Hepliaklqana
Kikubaaqudgha
Makhleb
Nemelex Xobeh
Okawaru
Qazlal
Ru
Sif Muna
Trog
Uskayaw
Vehumet
Wu Jian
Xom
Yredelemnul
Zin
The Shining One
Jiyva
Lugonu


Innate Abilities, Weirdness & Mutations

You are very small and have problems with some larger weapons.
You are too small for most types of armour.
You have supernaturally acute eyesight. (SInv)
You cover ground extremely quickly. (Speed+++)


Message History

Aiming: Sandblast (safe; 1% risk of failure)
Press: ? - help, Shift-Dir - straight line, f/p - dream sheep
Aim: a dream sheep (85% to hit)
The blast of sand hits the dream sheep!!
The dream sheep is almost dead.
The dream sheep misses you.
Unknown command.
Unknown command.
Unknown command.
Casting: Sandblast (safe; 1% risk of failure)
Confirm with . or Enter, or press ? or * to list all spells.
Aiming: Sandblast (safe; 1% risk of failure)
Press: ? - help, Shift-Dir - straight line, f/p - dream sheep
Aim: a dream sheep (85% to hit)
The blast of sand hits the dream sheep!!
You kill the dream sheep!
Vehumet accepts your kill. The dream sheep bites you.
Unknown command.
Casting: Sandblast (safe; 1% risk of failure)
Confirm with . or Enter, or press ? or * to list all spells.
Aiming: Sandblast (safe; 1% risk of failure)
Press: ? - help, Shift-Dir - straight line, f/p - dream sheep
Aim: a dream sheep (85% to hit)
The blast of sand misses the dream sheep.
The blast of sand hits the dream sheep!
The dream sheep is heavily wounded.
Unknown command.
Casting: Sandblast (safe; 1% risk of failure)
Confirm with . or Enter, or press ? or * to list all spells.
Aiming: Sandblast (safe; 1% risk of failure)
Press: ? - help, Shift-Dir - straight line, f/p - dream sheep
Aim: a dream sheep (heavily wounded, 85% to hit)
The blast of sand hits the dream sheep.
The dream sheep is heavily wounded.
The dream sheep shake their wool and sparkle.
You feel drowsy...
You fall asleep.
The dream sheep bites you!!
Ouch! That really hurt!
You die...

#.#........##.......#
#'###########.......#
#).†....#).##########
#..#.#..#÷######
#.##.##.#.#....#
#.......#'#....#
#.##.##.#.'....+
#..#.#.Y#[#
#..†...@YY#
###########


You could see 3 dream sheep.

Vanquished Creatures
  4 dream sheep (D)
  A flying skull (D)
  A spriggan (D)
  A basilisk (D)
  A floating eye (D)
  A phantom (D)
  A kobold brigand (D)
  2 scorpions (D)
  An iguana (D)
  A white imp (D)
  An ufetubus (D)
  A worm (D)
  2 orcs (D)
  An endoplasm (D)
  A goblin (D)
  2 hobgoblins (D)
  2 jackals (D)
  A frilled lizard (D)
  2 rats (D)
27 creatures vanquished.

Notes
Turn   | Place    | Note
-------+----------+-------------------------------------------
     0 | D        | Groucho the Spriggan Earth Elementalist began the quest for
                  | the Orb.
     0 | D        | Reached XP level 1. HP: 9/9 MP: 5/5
    37 | D        | Found a bloodstained altar of Trog.
    37 | D        | Found a shimmering blue altar of Sif Muna.
    37 | D        | Found a viscous altar of Jiyva.
    37 | D        | Found a hazy altar of Hepliaklqana.
    37 | D        | Found an opulent altar of Gozag.
    38 | D        | Found a glowing golden altar of the Shining One.
    38 | D        | Found a glowing silver altar of Zin.
    38 | D        | Found a basalt altar of Yredelemnul.
    38 | D        | Found a shimmering altar of Xom.
    38 | D        | Found an ornate altar of the Wu Jian Council.
    38 | D        | Found a sacrificial altar of Ru.
    38 | D        | Found a stormy altar of Qazlal.
    38 | D        | Found an iron altar of Okawaru.
    38 | D        | Found a sparkling altar of Nemelex Xobeh.
    38 | D        | Found a burning altar of Makhleb.
    38 | D        | Found a blossoming altar of Fedhas.
    38 | D        | Found a white marble altar of Elyvilon.
    38 | D        | Found a shadowy altar of Dithmenos.
    38 | D        | Found a snail-covered altar of Cheibriados.
    39 | D        | Found a radiant altar of Vehumet.
    39 | D        | Found a corrupted altar of Lugonu.
    40 | D        | Found a hide-covered altar of Uskayaw.
    40 | D        | Found an ancient bone altar of Kikubaaqudgha.
    40 | D        | Found a broken altar of Ashenzari.
    47 | D        | Became a worshipper of Vehumet
    64 | D        | Reached skill level 1 in Conjurations
   349 | D        | Noticed a floating eye
   350 | D        | Reached * piety under Vehumet
   350 | D        | Offered knowledge of Freeze by Vehumet.
   351 | D        | Reached XP level 2. HP: 13/13 MP: 4/7
   351 | D        | Paralysed by a floating eye for 2 turns
   353 | D        | Killed a floating eye
   354 | D        | Reached skill level 5 in Dodging
   354 | D        | Reached skill level 5 in Earth Magic
   354 | D        | Reached XP level 3. HP: 16/16 MP: 2/10
   354 | D        | Reached XP level 4. HP: 21/21 MP: 2/11
   710 | D        | Learned a level 3 spell: Stone Arrow
   714 | D        | Noticed a scorpion
   742 | D        | Killed a scorpion
   742 | D        | Offered knowledge of Searing Ray by Vehumet.
   742 | D        | Reached ** piety under Vehumet
   743 | D        | Reached skill level 5 in Spellcasting
   743 | D        | Reached skill level 5 in Transmutations
   743 | D        | Reached XP level 5. HP: 24/24 MP: 7/13
   933 | D        | Noticed a phantom
   942 | D        | Killed a phantom
  1003 | D        | Learned a level 2 spell: Searing Ray
  1020 | D        | Offered knowledge of Conjure Flame by Vehumet.
  1261 | D        | Noticed a flying skull
  1278 | D        | Reached *** piety under Vehumet
  1279 | D        | Killed a flying skull
  1279 | D        | Offered knowledge of Hailstorm by Vehumet.
  1280 | D        | Reached skill level 5 in Conjurations
  1280 | D        | Reached XP level 6. HP: 17/28 MP: 8/16
  1575 | D        | Reached **** piety under Vehumet
  1901 | D        | Noticed a spriggan
  1904 | D        | Killed a spriggan
  1904 | D        | Offered knowledge of Dazzling Flash by Vehumet.
  1905 | D        | Reached XP level 7. HP: 32/32 MP: 10/19
  2077 | D        | Reached ***** piety under Vehumet
  2301 | D        | Noticed a dream sheep
  2301 | D        | Noticed a dream sheep
  2301 | D        | Noticed a dream sheep
  2301 | D        | Noticed a dream sheep
  2301 | D        | Noticed a dream sheep
  2301 | D        | Noticed a dream sheep
  2326 | D        | Killed a dream sheep
  2326 | D        | Offered knowledge of Lee's Rapid Deconstruction by Vehumet.
  2374 | D        | Noticed a basilisk
  2386 | D        | Killed a basilisk
  2402 | D        | Reached XP level 8. HP: 30/36 MP: 0/21
  2482 | D        | Noticed a dream sheep
  2484 | D        | Killed a dream sheep
  2489 | D        | Killed a dream sheep
  2490 | D        | Reached skill level 10 in Dodging
  2490 | D        | Reached skill level 10 in Earth Magic
  2492 | D        | Killed a dream sheep
  2494 | D        | Slain by a dream sheep

Illustrated notes

Levels and vault maps discovered:
D:        pitsprint [storerooms_1, entrance_room_1, metal_vault_2, armoury_1,
          mini_pit_1, grid_room_1, main_hall_1, silver_pit, the_coven_3,
          the_vestibule_1, steel_vault_1, golden_pit, hallway_of_sentries,
          crystal_vault_2, iron_vault_4, final_vault]

Skill      XL: |  1  2  3  4  5  6  7  8 |
---------------+-------------------------+-----
Dodging        | 3 5 7 8 9 10 | 10.3
Spellcasting   | 3 4 5 6 7 8 9 |  9.5
Conjurations   | 1 3 4 5 6 7 8 |  8.3
Transmutations | 2 4 5 7 |  7.0
Earth Magic    | 3 5 7 8 9 10 | 10.3
Stealth        | |  3.0

Action                   |  1- 3 |  4- 6 |  7- 9 || total
-------------------------+-------+-------+-------++-------
 Cast: Sandblast         |     6 |    17 |     7 ||    30
       Searing Ray       |       |     2 |     1 ||     3
       Stone Arrow       |       |     6 |    14 ||    20
  Use: Potion            |       |     1 |     1 ||     2
Dodge: Dodged            |       |    10 |     5 ||    15
